cohdb
Replays
Latest Replays
All Replays
Popular Replays
Top Player Replays
Match Explorer
How It Works
Community
CoH3 Stats
Reddit
Sign in to upload your games and track your stats! →
Sign in with Steam
Match 45105320
Unlisted
Match 45105320
Overview
Messages
Build Orders
End
Construct Infanterie Kompanie
Kettenkrad Recon Vehicle
Grenadier Squad
Grenadier Squad
Selects Luftwaffe Battlegroup
Selects Luftwaffe Pioneer Support
Fallschirmpioneer Squad Paradrop
Infanterie Officer Quarters
Construct Luftwaffe Kompanie
Selects LG40 Recoilless Gun Paradrop
Jäger Squad
Support Elements
Selects Stuka Strafing Run
Selects Fallschirmjäger Squad Paradrop
Medical Bunker
Construct Panzergrenadier Kompanie
Nubbl0r
Panzerfaust
0
0
Comments
sign in to comment!
No comments posted yet!